 Dungeon Crawl Stone Soup version 0.20-a0-971-g5896763 (webtiles) character file.

441 Hybris the Skirmisher (level 7, -1/68 HPs)
             Began as an Ogre Fighter on Apr 8, 2017.
             Was an Initiate of Hepliaklqana.
             Slain by a killer bee (8 damage)
             ... on level 5 of the Dungeon.
             The game lasted 00:09:33 (5704 turns).

Hybris the Skirmisher (Ogre Fighter)                Turns: 5704, Time: 00:09:35

Health: -1/68      AC:  4    Str: 23    XL:     7   Next: 2%
Magic:  7/7        EV: 10    Int:  9    God:    Hepliaklqana [......]
Gold:   142        SH:  0    Dex:  8    Spells: 6/6 levels left

rFire    x . .     SeeInvis .   v - +0 giant spiked club
rCold    + . .     Gourm    .   (shield currently unavailable)
rNeg     . . .     Faith    .   b - +0 robe
rPois    .         Spirit   .   (helmet restricted)
rElec    .         Reflect  .   t - +0 cloak
rCorr    .         Harm     .   (gloves unavailable)
MR       .....                  (boots unavailable)
Stlth    +.........             (no amulet)
Regen    0.3/turn               k - ring of ice
MPRegen  0.1/turn               (no ring)

@: lethally poisoned (-1 -> -14)
A: unfitting armour, reduced essence, tough skin 1
a: Recall Ancestor, Ancestor Identity, Renounce Religion


You were on level 5 of the Dungeon.
You worshipped Hepliaklqana.
Hepliaklqana was noncommittal.
You were not hungry.

You visited 2 branches of the dungeon, and saw 6 of its levels.

You collected 142 gold pieces.

Inventory:

Hand Weapons
 a - a +0 flail
 v - a +0 giant spiked club (weapon)
Missiles
 p - 4 javelins (quivered)
Armour
 b - a +0 robe (worn)
 c - a +0 shield
 t - a +0 cloak (worn)
Jewellery
 k - a ring of ice (left hand)
Wands
 q - a wand of acid (11/15)
Scrolls
 g - 3 scrolls of identify
 i - a scroll of magic mapping
 j - a scroll of remove curse
 m - 2 scrolls of teleportation
 n - a scroll of enchant weapon {unknown}
 y - a scroll of amnesia {unknown}
Potions
 e - 2 potions of curing
 l - a potion of flight
 s - a potion of magic {unknown}
 u - a potion of brilliance
 w - a potion of haste {unknown}
 x - a potion of heal wounds {unknown}
Books
 r - a book of Geomancy

   Spells                             Type                      Level
   a - Sandblast                      Earth                        1
   b - Passwall                       Transmutation/Earth          2
   c - Stone Arrow                    Conjuration/Earth            3
   d - Petrify                        Transmutation/Earth          4
   e - Lee's Rapid Deconstruction     Earth                        5
Comestibles
 d - a meat ration
 f - 6 bread rations
 h - 2 fruits


   Skills:
 + Level 6.7 Fighting
 * Level 5.4 Maces & Flails
 - Level 2.6 Dodging
 - Level 2.6 Shields


You had 6 spell levels left.
You didn't know any spells.

Dungeon Overview and Level Annotations

Branches:
Dungeon (5/15)             Temple (1/1) D:4

Altars:
Ashenzari
Cheibriados
Fedhas
Hepliaklqana
Kikubaaqudgha
Nemelex Xobeh
Okawaru
Ru
Sif Muna
Trog
Uskayaw
Xom
Yredelemnul
Zin


Innate Abilities, Weirdness & Mutations

You are too large for most types of armour.
You have tough skin. (AC +1)
Your life essence is reduced. (-10% HP)


Message History

There is a stone staircase leading up here.
You feel better. The killer bee barely misses you.
The killer bee closely misses you. The killer bee stings you.
The killer bee closely misses you.
The killer bee stings you but does no damage.
The killer bee stings you.
You are poisoned.
The killer bee poisons you! The killer bee stings you.
* * * LOW HITPOINT WARNING * * *
You are more poisoned.
The killer bee poisons you! The killer bee stings you!
* * * LOW HITPOINT WARNING * * *
The leopard gecko skeleton moves out of view.
It was a potion of cancellation.
You feel magically purged.
You feel sick. The killer bee stings you.
* * * LOW HITPOINT WARNING * * *
You are more poisoned.
The killer bee poisons you! The killer bee barely misses you.
The killer bee stings you!
You die...

... #. ..$..
...# #. .....
....##.###.....
............. .
............
...##..........
........y......
...a?.y@.......
......yy.?#..#.
.......h..#
..........#
...#..##### ..
#.. . #.. #..


You could see a hound, a worker ant and 4 killer bees.

Vanquished Creatures
  The ghost of Hybris the Skirmisher, an amateur OgFi (D:3)
  An ogre (D:3)
  A hound (D:4)
  Crazy Yiuf (D:2)
  An iguana (D:3)
  An orc wizard (D:4)
  A worker ant (D:4)
  2 adders
  A dart slug (D:1)
  5 worms
  8 orcs (D:3)
  4 giant cockroaches
  10 goblins
  9 hobgoblins
  6 jackals (D:2)
  A quokka (D:3)
  5 bats
  4 frilled lizards
  6 kobolds
  2 rats
70 creatures vanquished.

Vanquished Creatures (collateral kills)
  An adder (D:4)
  A dart slug (D:4)
2 creatures vanquished.

Vanquished Creatures (others)
  An ancestor (D:4)
1 creature vanquished.

Grand Total: 73 creatures vanquished

Notes
Turn   | Place    | Note
-------+----------+-------------------------------------------
     0 | D:1      | Hybris the Ogre Fighter began the quest for the Orb.
     0 | D:1      | Reached XP level 1. HP: 24/24 MP: 1/1
   126 | D:1      | Reached XP level 2. HP: 22/33 MP: 2/2
   679 | D:1      | Reached XP level 3. HP: 40/40 MP: 3/3
  1533 | D:2      | Found a sacrificial altar of Ru.
  1708 | D:3      | Noticed Hybris's ghost (amateur OgFi)
  2130 | D:2      | Reached XP level 4. HP: 42/49 MP: 4/4
  2188 | D:2      | Found a runed door.
  2356 | D:2      | Noticed Crazy Yiuf
  2363 | D:2      | Killed Crazy Yiuf
  2363 | D:2      | Reached skill level 5 in Fighting
  2485 | D:3      | Found a bloodstained altar of Trog.
  2751 | D:3      | Found a snail-covered altar of Cheibriados.
  3049 | D:3      | Killed Hybris's ghost
  3049 | D:3      | Reached XP level 5. HP: 41/59 MP: 5/5
  3371 | D:4      | Noticed an ogre
  3383 | D:3      | Reached XP level 6. HP: 22/67 MP: 6/6
  3751 | D:3      | Reached skill level 6 in Fighting
  3751 | D:3      | Reached skill level 5 in Maces & Flails
  4999 | D:4      | Found a staircase to the Ecumenical Temple.
  5006 | Temple   | Entered the Ecumenical Temple
  5201 | Temple   | Became a worshipper of Hepliaklqana the Forgotten
  5653 | D:4      | Reached XP level 7. HP: 61/68 MP: 7/7
  5702 | D:5      | Entered Level 5 of the Dungeon
  5704 | D:5      | Slain by a killer bee

Vault maps used:
D:1:      lightli_arrival_statue_moat, minmay_tetromino_s2
D:2:      first_bread, nicolae_ru_awakened_eye, uniq_crazy_yiuf_cottage
D:3:      old_standard_altar, cheibriados_altar_1
D:4:      cheibrodos_greedy_goblins, minmay_temple_entry_grid
D:5:      lemuel_round_altar, nicolae_overflow_hidden_temple
Temple:   nicolae_temple_figure_eight

Skill      XL: |  1  2  3  4  5  6 |
---------------+-------------------+-----
Maces & Flails | 2 3 4 5 |  5.4
Fighting       | 5 6 |  6.7
Dodging        | |  2.6
Shields        | |  2.6

Action                   |  1- 3 |  4- 6 |  7- 9 || total
-------------------------+-------+-------+-------++-------
Melee: Flail             |   169 |    87 |       ||   256
       Giant spiked club |       |    34 |       ||    34
Throw: Javelin           |     4 |       |       ||     4
  Use: Potion            |       |     5 |     2 ||     7
       Scroll            |       |     6 |       ||     6
  Eat: Chunk             |     3 |     5 |       ||     8
       Meat ration       |       |     1 |       ||     1
       Royal jelly       |       |     1 |       ||     1
Armor: Robe              |    33 |    20 |     2 ||    55
Dodge: Dodged            |    70 |    70 |    18 ||   158
Block: Shield            |    90 |    26 |       ||   116
